 Dungeon Crawl Stone Soup version 0.31-a0-1074-g0b22e4e0f1 (webtiles) character file.

Game seed: 17823176845471493382

3591 Jeffwins the Mimic (level 9, 0/65 HPs)
             Began as an Armataur Shapeshifter on Nov 26, 2023.
             Was an Initiate of Gozag.
             Slain by a hornet (10 damage)
             ... while paralysed by a hornet
             ... on level 7 of the Dungeon.
             The game lasted 00:08:45 (5935 turns).

Jeffwins the Mimic (Armataur Shapeshifter)          Turns: 5935, Time: 00:08:45

Health: 0/65       AC:  7    Str: 25    XL:     9   Next: 85%
Magic:  9/9        EV:  1    Int: 16    God:    Gozag
Gold:   83         SH:  0    Dex:  9    Spells: 8/8 levels left

rFire   . .          .
                       - Unarmed
rCold   + . .        (shield currently unavailable)
rNeg    . . .        D - +2 robe {rC+}
rPois   .            s - +0 helmet
rElec   .            A - +0 cloak
rCorr   .            (gloves currently unavailable)
SInv    .            (no barding)
Will    .....        (no amulet)
Stlth   ++           E - +5 ring of evasion
HPRegen 0.30/turn    S - +6 ring of strength
MPRegen 0.11/turn

%: roll
@: paralysed, lethally poisoned (0 -> -5), blade hands, slowed
A: reduced hp, large, deformed body, tough skin 3, armoured tail, roll 2, long
tongue
a: Begin Untransformation, Renounce Religion, Potion Petition, Call Merchant,
Bribe Branch


You were on level 7 of the Dungeon.
You worshipped Gozag.
Gozag was noncommittal.
You had blades for hands.
You visited 2 branches of the dungeon, and saw 8 of its levels.

You collected 661 gold pieces.
You spent 518 gold pieces at shops.
You paid 60 gold pieces to Gozag.


Innate Abilities, Weirdness & Mutations

You have blades for hands.
Your maximum health is decreased, since you lack skill for your form.
You are incapable of wielding weapons or throwing items.
Armour fits poorly on your strangely shaped body.
You have extremely tough skin. (AC +3)
You have a long armoured tail.
You roll and regenerate health when moving toward enemies. (Rampage Heal)
Your long tongue fully drains potion bottles. (2x potion effects)


   Skills:
 + Level 3.3 Fighting
 + Level 3.0 Dodging
 + Level 3.7 Stealth
 + Level 3.2 Shields
 * Level 5.4 Unarmed Combat
 + Level 3.1 Evocations
 + Level 9.4 Shapeshifting


You had 8 spell levels left.
You didn't know any spells.
Your spell library contained the following spells:

 Spells                   Type           Power      Damage    Failure   Level
 Kiss of Death            Conj/Necr      0%         2d5       26%         1
 Sandblast                Erth           0%         2d4       26%         1
 Sting                    Tmut/Pois      0%         1d3       26%         1
 Passwall                 Tmut/Erth      0%         N/A       36%         2
 Poisonous Vapours        Pois/Air       0%         N/A       36%         2
 Confusing Touch          Hex            0%         N/A       58%         3
 Mephitic Cloud           Conj/Pois/Air  0%         N/A       58%         3
 Stone Arrow              Conj/Erth      0%         3d7       58%         3
 Brom's Barrelling Bould  Conj/Erth      0%         2d3       94%         4
 Dispel Undead            Necr           0%         3d6       94%         4
 Olgreb's Toxic Radiance  Pois           0%         N/A       94%         4
 Freezing Cloud           Conj/Ice/Air   0%         6-21      100%        5

Inventory:

Armour
 m - a +0 kite shield
 s - a +0 helmet (worn)
 A - a +0 cloak (worn)
 D - a +2 robe of cold resistance (worn)
 F - an orb of guile
 I - a +1 pair of gloves
 M - a +3 leather armour
Jewellery
 E - a +5 ring of evasion (left blade hand)
 L - a ring of flight
 S - a +6 ring of strength (right blade hand)
Talismans
 c - a beast talisman
 d - a flux talisman
 n - a blade talisman (active)
Wands
 k - a wand of flame (5)
 l - a wand of charming (15)
 q - a wand of mindburst (6)
 J - a wand of polymorph (11)
Scrolls
 a - a scroll of revelation {unknown}
 f - 3 scrolls of identify {unknown}
 g - 7 scrolls of amnesia {unknown}
 h - 4 scrolls of teleportation {unknown}
 o - 3 scrolls of enchant weapon {unknown}
 r - 2 scrolls of blinking {unknown}
 u - a scroll of poison {unknown}
 y - a scroll of noise {unknown}
 C - a scroll of immolation {unknown}
 H - a scroll of enchant armour {unknown}
 K - a scroll of brand weapon {unknown}
Potions
 b - a potion of lignification {!q}
 e - 9 potions of curing {unknown}
 i - a potion of ambrosia {unknown}
 j - 2 potions of heal wounds {unknown}
 p - a potion of attraction {unknown}
 t - a potion of cancellation {unknown}
 v - a potion of degeneration {unknown}
 w - a potion of magic {unknown}
 x - a potion of resistance {unknown}
 z - a potion of might {unknown}
 B - a potion of enlightenment {unknown}
 G - a potion of brilliance {unknown}

Dungeon Overview and Level Annotations

Branches:
Dungeon (7/15)             Temple (1/1) D:5

Altars:
Ashenzari
Cheibriados
Dithmenos
Elyvilon
Gozag
Kikubaaqudgha
Makhleb
Nemelex Xobeh
Okawaru
Ru
Sif Muna
Trog
Uskayaw
Vehumet
Xom
Yredelemnul
Zin

Shops:
D:3 : D:7

[(* .....# #....▒▒▒
#.#..▒.. #....▒.<
#.8..▒∩. ##### #.....▒▒▒
... .....∩... ##y##
#▒▒▒▒▒.... #.@.#
.#▒..∩▒..8.
###...###..#▒.>.▒...#
####..<....#...▒⌠..▒....
.....^..<....# ▒▒▒▒▒...#
#####........#
##.....#.#
##.....#.#.###
#.............
##.....#..####


You could see a hornet.


Message History

The hornet stings you but does no damage.
You feel sick. The hornet stings you.
You feel yourself slow down. The hornet stings you.
* * * LOW HITPOINT WARNING * * *
You are more poisoned.
You feel as though you will be slow longer.
You can move again.
Unknown command.
Unknown command.
Unknown command.
Aiming: Mindburst
Press: ? - help, Shift-Dir - straight line, f - hornet
Aim: a hornet (moderately wounded, chance to affect: 70%)
The hornet struggles to resist.
You feel very sick. The hornet stings you.
* * * LOW HITPOINT WARNING * * *
You feel as though you will be slow longer.
The hornet misses you.
Aiming: Mindburst
Press: ? - help, Shift-Dir - straight line, f/p - hornet
Aim: a hornet (moderately wounded, chance to affect: 70%)
The hornet's mind is blasted!
You feel very sick. The hornet stings you!
* * * LOW HITPOINT WARNING * * *
You suddenly lose the ability to move!
The hornet stings you!
You die...
Your body crumbles into a pile of gold.

Skill      XL: |  1  2  3  4  5  6  7  8  9 |
---------------+----------------------------+-----
Fighting       | 1 2 3 |  3.3
Unarmed Combat | 3 4 5 |  5.4
Shapeshifting  | 3 4 5 6 9 |  9.4
Dodging        | 2 3 |  3.0
Stealth        | 2 3 |  3.7
Shields        | 1 3 |  3.2
Evocations     | 1 3 |  3.1

Action                     |  1- 3 |  4- 6 |  7- 9 || total
---------------------------+-------+-------+-------++-------
  Melee: Unarmed           |   130 |    58 |   168 ||   356
         Tailslap          |     9 |     8 |    20 ||    37
         Punch             |     6 |     1 |     3 ||    10
  Evoke: Wand              |     1 |     3 |    21 ||    25
   Stab: Sleeping          |     2 |       |     2 ||     4
         Distracted        |       |       |     1 ||     1
 Armour: Animal skin       |    54 |    25 |    60 ||   139
         Robe              |       |       |    22 ||    22
  Dodge: Dodged            |    52 |    27 |   112 ||   191
   Form: Blade             |       |       |     1 ||     1

Levels and vault maps discovered:
D:1:      erik_arrival_cave_to_civilisation [erik_arrival_cave_to_hall],
          layout_basic
D:2:      layout_basic, hellmonk_ecumenical_altar_arch_garden, serial_rivers,
          chequers_serial_rivers_room_b, chequers_serial_rivers_micro_c,
          chequers_serial_rivers_room_a, chequers_serial_rivers_small_a,
          chequers_serial_rivers_small_3
D:3:      layout_basic, serial_shops, nicolae_shop_mannequins,
          hangedman_abyss_or_decor_lesser_grid, uniq_ijyb, uniq_sigmund
D:4:      layout_basic, corexii_shack
D:5:      layout_basic, minmay_temple_entry_steel_oval, uniq_grinder,
          uniq_crazy_yiuf_cottage
D:6:      layout_loops_ring, nicolae_ru_awakened_eye,
          nicolae_elyvilon_peaceful_grove, minmay_misc_feat_enclosed,
          uniq_blork_the_orc, uniq_pikel, uniq_jeremiah
D:7:      layout_loops_ring, nicolae_overflow_squiral,
          nicolae_shop_distant_corner_stores, grunt_ministairs_15, uniq_duvessa,
          uniq_prince_ribbit1
Temple:   nicolae_temple_ecumenical_triangle

Notes
Turn   | Place    | Note
-------+----------+-------------------------------------------
     0 | D:1      | Jeffwins the Armataur Shapeshifter began the quest for the
                  | Orb.
     0 | D:1      | Reached XP level 1. HP: 15/15 MP: 1/1
    53 | D:1      | Reached skill level 1 in Fighting
   237 | D:1      | Reached XP level 2. HP: 23/23 MP: 2/2
   270 | D:1      | Reached skill level 3 in Unarmed Combat
   912 | D:2      | Reached XP level 3. HP: 27/28 MP: 3/3
  1076 | D:2      | Reached skill level 3 in Shapeshifting
  1091 | D:2      | Found a faded altar of an unknown god.
  1860 | D:3      | Noticed Ijyb
  1862 | D:3      | Reached XP level 4. HP: 18/35 MP: 4/4
  1863 | D:3      | Killed Ijyb
  1951 | D:3      | Reached skill level 4 in Shapeshifting
  1951 | D:3      | Reached XP level 5. HP: 33/40 MP: 5/5
  2092 | D:3      | Noticed Sigmund
  2097 | D:3      | Killed Sigmund
  2098 | D:3      | Reached skill level 5 in Shapeshifting
  2098 | D:3      | Reached XP level 6. HP: 36/47 MP: 6/6
  2175 | D:3      | Found Moyl's Book Shop.
  2175 | D:3      | Noticed a walking divine tome
  2177 | D:3      | Noticed a walking divine tome
  2815 | D:5      | Entered Level 5 of the Dungeon
  2820 | D:5      | Found a staircase to the Ecumenical Temple.
  2835 | Temple   | Entered the Ecumenical Temple
  2846 | Temple   | Became a worshipper of Gozag Ym Sagoz the Greedy
  2864 | D:5      | Reached skill level 6 in Shapeshifting
  2949 | D:5      | Noticed a two-headed ogre
  2965 | D:4      | Gained mutation: You roll and regenerate health when moving
                  | toward enemies. (Rampage Heal) [Armataur growth]
  2965 | D:4      | Reached XP level 7. HP: 50/52 MP: 7/7
  3076 | D:5      | HP: 3/52 [iguana (12)]
  3078 | D:5      | Reached skill level 7 in Shapeshifting
  3377 | D:5      | Killed a two-headed ogre
  3378 | D:5      | Reached skill level 9 in Shapeshifting
  3378 | D:5      | Reached XP level 8. HP: 18/59 MP: 8/8
  3476 | D:5      | Noticed Grinder
  3582 | D:5      | Paralysed by Grinder for 5 turns
  3590 | D:5      | Killed Grinder
  3591 | D:5      | Reached skill level 2 in Fighting
  3591 | D:5      | Reached skill level 2 in Dodging
  3591 | D:5      | Reached skill level 1 in Stealth
  3591 | D:5      | Reached skill level 1 in Shields
  3591 | D:5      | Reached skill level 1 in Evocations
  4358 | D:5      | Found a runed translucent door.
  4359 | D:5      | Noticed Crazy Yiuf
  4365 | D:5      | Killed Crazy Yiuf
  4520 | D:6      | Noticed Blork the orc
  4540 | D:6      | Killed Blork the orc
  4541 | D:6      | Reached skill level 4 in Unarmed Combat
  4731 | D:6      | Noticed Jeremiah
  4732 | D:6      | Reached skill level 2 in Stealth
  4732 | D:6      | Reached XP level 9. HP: 19/67 MP: 9/9
  4734 | D:6      | Killed Jeremiah
  4735 | D:6      | Reached skill level 2 in Shields
  4735 | D:6      | Noticed Pikel
  4911 | D:6      | Found a sacrificial altar of Ru.
  4935 | D:6      | Reached skill level 2 in Evocations
  5086 | D:6      | Killed Pikel
  5087 | D:6      | Reached skill level 3 in Stealth
  5199 | D:6      | Reached skill level 3 in Fighting
  5199 | D:6      | Reached skill level 5 in Unarmed Combat
  5383 | D:6      | Reached skill level 3 in Shields
  5504 | D:6      | Found a white marble altar of Elyvilon.
  5641 | D:7      | Found Tusunn's Assorted Antiques.
  5641 | D:7      | Found Acex's Antique Weapon Shoppe.
  5641 | D:7      | Found Hothri's Antique Armour Shoppe.
  5643 | D:7      | Bought a shiny marble ring for 140 gold pieces
  5643 | D:7      | Bought a notched diamond ring for 140 gold pieces
  5643 | D:7      | Bought a scroll labelled GIUDUA VIDOPAE for 28 gold pieces
  5643 | D:7      | Bought a pair of glowing gloves for 210 gold pieces
  5837 | D:7      | Reached skill level 3 in Evocations
  5843 | D:7      | Reached skill level 3 in Dodging
  5861 | D:7      | Found an iron altar of Okawaru.
  5864 | D:7      | Found a radiant altar of Vehumet.
  5931 | D:7      | Paralysed by a hornet for 3 turns
  5935 | D:7      | Paralysed by a hornet for 3 turns
  5935 | D:7      | Slain by a hornet

Vanquished Creatures
  A two-headed ogre (D:5)
  Pikel (D:6)
  Jeremiah (D:6)
  Grinder (D:5)
  Sigmund (D:3)
  A steam dragon (D:6)
  A water moccasin (D:6)
  A black bear (D:5)
  2 ice beasts (D:7)
  3 ogres
  2 lemures (D:6)
  A phantom (D:6)
  Blork the orc (D:6)
  4 bullfrogs
  5 scorpions
  A howler monkey (D:5)
  2 jellies
  Crazy Yiuf (D:5)
  3 hounds
  Ijyb (D:3)
  3 iguanas
  2 orc wizards (D:5)
  5 adders
  A shadow imp (D:7)
  A white imp (D:6)
  A worm (D:3)
  15 orcs
  2 ball pythons
  4 bats
  6 endoplasms
  8 giant cockroaches
  3 goblins
  11 hobgoblins
  4 kobolds
  4 quokkas
  6 frilled lizards
  7 rats
117 creatures vanquished.

Table legend: (Time is in decaauts)
 A = Elapsed time spent in this place.
 B = Non-inter-level travel time spent in this place.
 C = Inter-level travel time spent in this place.
 D = Time resting spent in this place.
 E = Time spent auto-exploring this place.
 F = Levels seen in this place.
 G = Mean time per level.
                   A        B        C        D        E       F      G
               +--------+--------+--------+--------+--------+-----+--------+
         Total |   5913 |   5514 |    399 |    379 |   4166 |   8 |  739.1 |
       Dungeon |   5890 |   5499 |    391 |    379 |   4166 |   7 |  841.4 |
        Temple |     23 |     15 |      8 |      0 |      0 |   1 |   23.0 |
               +--------+--------+--------+--------+--------+-----+--------+

Top non-repeatable levels by time:
     D:5: 1636 daAuts
     D:6: 1273 daAuts
     D:2: 809 daAuts
     D:1: 746 daAuts
     D:3: 720 daAuts
     D:4: 576 daAuts
     D:7: 127 daAuts
  Temple: 23 daAuts

Table legend:
 A = Non-vault XP
 B = Vault XP
 C = Vault XP percentage of total XP
 D = Non-vault monster count
 E = Vault monster count
 F = Vault count percentage of total count
                 A         B        C        D         E       F
            +---------+---------+-------+---------+---------+-------
      Total |    3464 |    1667 |  32.5 |     106 |       9 |   7.8
            +---------+---------+-------+---------+---------+-------
        D:1 |      35 |       3 |   7.9 |      20 |       2 |   9.1
        D:2 |      34 |       0 |   0.0 |      14 |       0 |   0.0
        D:3 |      96 |     259 |  73.0 |      17 |       2 |  10.5
        D:4 |     254 |       0 |   0.0 |      12 |       0 |   0.0
        D:5 |    1611 |     337 |  17.3 |      26 |       2 |   7.1
        D:6 |     996 |    1068 |  51.7 |      12 |       3 |  20.0
        D:7 |     438 |       0 |   0.0 |       5 |       0 |   0.0
            +---------+---------+-------+---------+---------+-------
